IL
ROUND ROCK EXPRESS @ CHARLOTTE KNIGHTS
07/29/2048
 
TOP OF THE 1ST
Round Rock Express batting - Pitching for Charlotte Knights : RHP Brett Kitchen
Pitching: RHP Brett Kitchen
Batting: LHB Jody Hudson 0-0: Ball
1-0: Ground out 5-3 (Groundball, 56, EV 83.8 MPH)
Batting: RHB Carlos Lopez 0-0: Called Strike
0-1: Ball
1-1: Ground out 4-3 (Groundball, 4M, EV 102.5 MPH)
Batting: LHB Josh Stuck 0-0: Called Strike
0-1: Ball
1-1: Ball
2-1: Fly out, F4 (Line Drive, 4M, EV 68.8 MPH)
Top of the 1st over - 0 runs, 0 hits, 0 errors, 0 left on base; Round Rock 0 - Charlotte 0
BOTTOM OF THE 1ST
Charlotte Knights batting - Pitching for Round Rock Express : RHP Luis Herrera
Pitching: RHP Luis Herrera
Batting: LHB John Thurman 0-0: Ball
1-0: Called Strike
1-1: Ground out 6-3 (Groundball, 6, EV 103.1 MPH)
Batting: LHB Carlos Ramirez 0-0: Foul Ball, location: 2F
0-1: Ball
1-1: Ball
2-1: Called Strike
2-2: Ball
3-2: Base on Balls
Batting: LHB Joe Kirkland 0-0: Called Strike
0-1: Called Strike
0-2: DOUBLE (Flyball, 78XD, EV 108.1 MPH)
Carlos Ramirez to third
Batting: RHB Fletcher Easter 0-0: Foul Ball, location: 2F
0-1: Called Strike
0-2: Ball
1-2: Foul Ball, location: 2F
1-2: Strikes out looking
Batting: LHB Ricardo Pagan 0-0: Swinging Strike
0-1: Ball
1-1: Ball
2-1: Ball
3-1: Foul Ball, location: 2F
3-2: Base on Balls
Batting: LHB Adam Tarbutton 0-0: Ball
1-0: Called Strike
1-1: Ball
2-1: Ball
3-1: SINGLE (Groundball, 23, EV 71.9 MPH) (infield hit)
Carlos Ramirez scores
Joe Kirkland to third
Ricardo Pagan to second
Batting: RHB Micah Brown 0-0: Called Strike
0-1: Called Strike
0-2: Ball
1-2: Strikes out looking
Bottom of the 1st over - 1 run, 2 hits, 0 errors, 3 left on base; Round Rock 0 - Charlotte 1
TOP OF THE 2ND
Round Rock Express batting - Pitching for Charlotte Knights : RHP Brett Kitchen
Batting: RHB Trevor Mock 0-0: Ball
1-0: Ball
2-0: Ball
3-0: Called Strike
3-1: Swinging Strike
3-2: Strikes out looking
Batting: RHB Adryão Anto 0-0: Foul Ball, location: 2F
0-1: Swinging Strike
0-2: Ball
1-2: Ball
2-2: Strikes out swinging
Batting: RHB Martin Guerrero 0-0: Foul Ball, location: 2F
0-1: Called Strike
0-2: Ball
1-2: Ball
2-2: Ball
3-2: Foul Ball, location: 2F
3-2: Fly out, F8 (Line Drive, 8LM, EV 102.5 MPH)
Top of the 2nd over - 0 runs, 0 hits, 0 errors, 0 left on base; Round Rock 0 - Charlotte 1
BOTTOM OF THE 2ND
Charlotte Knights batting - Pitching for Round Rock Express : RHP Luis Herrera
Batting: RHB Kikuo Sato 0-0: Ball
1-0: Ground out 3-1 (Groundball, 34, EV 84.4 MPH)
Batting: RHB Steve Waltenbery 0-0: Called Strike
0-1: Ball
1-1: Ball
2-1: SINGLE (Line Drive, 6M, EV 99.4 MPH)
Batting: LHB John Thurman 0-0: Foul Ball, location: 2F
0-1: Ball
1-1: Fielders Choice at 2nd, 5-4 (Groundball, 5L, EV 89.4 MPH)
Batting: LHB Carlos Ramirez 0-0: Ball
1-0: Called Strike
1-1: Fielders Choice at 2nd, 5-4 (Groundball, 56, EV 78.1 MPH)
Bottom of the 2nd over - 0 runs, 1 hit, 0 errors, 1 left on base; Round Rock 0 - Charlotte 1
TOP OF THE 3RD
Round Rock Express batting - Pitching for Charlotte Knights : RHP Brett Kitchen
Batting: RHB Ivan Colon 0-0: SINGLE (Line Drive, 56, EV 106.9 MPH)
Batting: RHB Jeremy Boerman 0-0: Foul Ball, location: 2F
0-1: Ball
1-1: Foul Ball, location: 2F
1-2: Fly out, F6 (Popup, 4MD, EV 55.0 MPH)
Batting: RHB Luis Arce 0-0: Called Strike
0-1: Foul Ball, location: 2F
0-2: Ball
1-2: Strikes out swinging
Batting: LHB Jody Hudson 0-0: Called Strike
0-1: Ball
1-1: Ball
2-1: Fly out, F8 (Flyball, 78D, EV 89.4 MPH)
Top of the 3rd over - 0 runs, 1 hit, 0 errors, 1 left on base; Round Rock 0 - Charlotte 1
BOTTOM OF THE 3RD
Charlotte Knights batting - Pitching for Round Rock Express : RHP Luis Herrera
Batting: LHB Joe Kirkland 0-0: Ball
1-0: Foul Ball, location: 2F
1-1: Ball
2-1: Fly out, F7 (Flyball, 7S, EV 88.1 MPH)
Batting: RHB Fletcher Easter 0-0: Ball
1-0: Ball
2-0: Ball
3-0: Called Strike
3-1: Foul Ball, location: 2F
3-2: Foul Ball, location: 2F
3-2: Base on Balls
Batting: LHB Ricardo Pagan 0-0: Foul Ball, location: 2F
0-1: Called Strike
0-2: Fielders Choice at 2nd, 1-4 (Groundball, 25, EV 70.6 MPH)
Batting: LHB Adam Tarbutton 0-0: Ball
1-0: Ball
2-0: Ball
3-0: Called Strike
3-1: Foul Ball, location: 2F
3-2: Strikes out swinging
Bottom of the 3rd over - 0 runs, 0 hits, 0 errors, 1 left on base; Round Rock 0 - Charlotte 1
TOP OF THE 4TH
Round Rock Express batting - Pitching for Charlotte Knights : RHP Brett Kitchen
Batting: RHB Carlos Lopez 0-0: Called Strike
0-1: Ball
1-1: Ground out 6-3 (Groundball, 6, EV 92.5 MPH)
Batting: LHB Josh Stuck 0-0: DOUBLE (Flyball, 89XD, EV 93.1 MPH)
Batting: RHB Trevor Mock 0-0: Ball
1-0: Ball
2-0: Foul Ball, location: 2F
2-1: Ball
3-1: Ground out 6-3 (Groundball, 6, EV 88.1 MPH)
Josh Stuck to third
Batting: RHB Adryão Anto 0-0: Called Strike
0-1: Ball
1-1: Foul Ball, location: 2F
1-2: Ball
2-2: Foul Ball, location: 2F
2-2: Ball
3-2: Hit by Pitch
Batting: RHB Martin Guerrero 0-0: Called Strike
0-1: Foul Ball, location: 2F
0-2: Strikes out swinging
Top of the 4th over - 0 runs, 1 hit, 0 errors, 2 left on base; Round Rock 0 - Charlotte 1
BOTTOM OF THE 4TH
Charlotte Knights batting - Pitching for Round Rock Express : RHP Luis Herrera
Batting: RHB Micah Brown 0-0: Called Strike
0-1: Swinging Strike
0-2: Strikes out swinging
Batting: RHB Kikuo Sato 0-0: Ball
1-0: Called Strike
1-1: Foul Ball, location: 2F
1-2: Fly out, F7 (Line Drive, 7, EV 109.4 MPH)
Batting: RHB Steve Waltenbery 0-0: Called Strike
0-1: Foul Ball, location: 2F
0-2: Ground out 4-3 (Groundball, 4, EV 99.4 MPH)
Bottom of the 4th over - 0 runs, 0 hits, 0 errors, 0 left on base; Round Rock 0 - Charlotte 1
TOP OF THE 5TH
Round Rock Express batting - Pitching for Charlotte Knights : RHP Brett Kitchen
Batting: RHB Ivan Colon 0-0: Called Strike
0-1: Ball
1-1: Ball
2-1: Foul Ball, location: 2F
2-2: Ball
3-2: Strikes out swinging
Batting: RHB Jeremy Boerman 0-0: Foul Ball, location: 2F
0-1: Ball
1-1: Foul Ball, location: 2F
1-2: Ball
2-2: Fly out, F9 (Flyball, 89S, EV 70.0 MPH)
Batting: RHB Luis Arce 0-0: Ball
1-0: Ball
2-0: Swinging Strike
2-1: Foul Ball, location: 2F
2-2: Foul Ball, location: 2F
2-2: Ball
3-2: Strikes out looking
Top of the 5th over - 0 runs, 0 hits, 0 errors, 0 left on base; Round Rock 0 - Charlotte 1
BOTTOM OF THE 5TH
Charlotte Knights batting - Pitching for Round Rock Express : RHP Luis Herrera
Batting: LHB John Thurman 0-0: Ball
1-0: Ball
2-0: Foul Ball, location: 2F
2-1: Ball
3-1: Base on Balls
Batting: LHB Carlos Ramirez 0-0: Called Strike
0-1: Ball
John Thurman steals 2nd base
1-1: Foul Ball, location: 2F
1-2: Ball
2-2: Strikes out looking
Batting: LHB Joe Kirkland 0-0: Swinging Strike
0-1: Ball
1-1: Ball
2-1: Called Strike
2-2: SINGLE (Line Drive, 56, EV 104.4 MPH)
John Thurman to third
Batting: RHB Fletcher Easter 0-0: Called Strike
0-1: Ball
Wild Pitch!
John Thurman scores
Joe Kirkland to second
1-1: Ball
2-1: Foul Ball, location: 2F
2-2: Ground out 6-3 (Groundball, 6, EV 104.4 MPH)
Batting: LHB Ricardo Pagan 0-0: Called Strike
0-1: Ball
1-1: Ball
2-1: Foul Ball, location: 2F
2-2: Ball
3-2: 2-RUN HOME RUN (Line Drive, 7D, EV 98.8 MPH), Distance : 383 ft
Batting: LHB Adam Tarbutton 0-0: Ball
1-0: Called Strike
1-1: Ball
2-1: Ground out 6-3 (Groundball, 6, EV 80.0 MPH)
Bottom of the 5th over - 3 runs, 2 hits, 0 errors, 0 left on base; Round Rock 0 - Charlotte 4
TOP OF THE 6TH
Round Rock Express batting - Pitching for Charlotte Knights : RHP Brett Kitchen
Batting: LHB Jody Hudson 0-0: Ball
1-0: Ball
2-0: Ground out U3 (Groundball, 13, EV 86.9 MPH)
Batting: RHB Carlos Lopez 0-0: Foul Ball, location: 2F
0-1: Swinging Strike
0-2: Foul Ball, location: 2F
0-2: Ball
1-2: Foul Ball, location: 2F
1-2: Ball
2-2: Strikes out swinging
Batting: LHB Josh Stuck 0-0: Ball
1-0: Ball
2-0: Foul Ball, location: 2F
2-1: Ground out U3 (Groundball, 3, EV 78.1 MPH)
Top of the 6th over - 0 runs, 0 hits, 0 errors, 0 left on base; Round Rock 0 - Charlotte 4
BOTTOM OF THE 6TH
Charlotte Knights batting - Pitching for Round Rock Express : RHP Luis Herrera
Pitching: RHP Jason Williams
Batting: RHB Micah Brown 0-0: Foul Ball, location: 2F
0-1: SINGLE (Line Drive, 9LS, EV 109.4 MPH)
Batting: RHB Kikuo Sato 0-0: Foul Ball, location: 2F
0-1: Foul Ball, location: 2F
0-2: Ball
1-2: Ball
2-2: Foul Ball, location: 2F
2-2: Foul Ball, location: 2F
2-2: Strikes out looking
Batting: RHB Steve Waltenbery 0-0: Called Strike
0-1: Swinging Strike
0-2: Strikes out swinging
Batting: LHB John Thurman 0-0: Called Strike
0-1: Swinging Strike
0-2: Foul Ball, location: 2F
0-2: Strikes out looking
Bottom of the 6th over - 0 runs, 1 hit, 0 errors, 1 left on base; Round Rock 0 - Charlotte 4
TOP OF THE 7TH
Round Rock Express batting - Pitching for Charlotte Knights : RHP Brett Kitchen
Pitching: RHP Luis Castillo
Batting: RHB Trevor Mock 0-0: Swinging Strike
0-1: Ball
1-1: Fly out, F8 (Flyball, 8LXD, EV 105.6 MPH)
Batting: RHB Adryão Anto 0-0: Called Strike
0-1: Ball
1-1: Ball
2-1: Called Strike
2-2: SINGLE (Flyball, 34D, EV 85.0 MPH)
Batting: RHB Martin Guerrero 0-0: Ball
1-0: Called Strike
1-1: Foul Ball, location: 2F
1-2: Foul Ball, location: 2F
1-2: SINGLE (Flyball, 7LS, EV 86.9 MPH)
Adryão Anto to second
Batting: RHB Ivan Colon 0-0: Called Strike
0-1: Foul Ball, location: 2F
0-2: Grounds into double play, 6-4-3 (Groundball, 56, EV 97.5 MPH)
Top of the 7th over - 0 runs, 2 hits, 0 errors, 1 left on base; Round Rock 0 - Charlotte 4
BOTTOM OF THE 7TH
Charlotte Knights batting - Pitching for Round Rock Express : RHP Jason Williams
Batting: LHB Carlos Ramirez 0-0: Called Strike
0-1: Ball
1-1: Swinging Strike
1-2: Strikes out swinging
Batting: LHB Joe Kirkland 0-0: Called Strike
0-1: Foul Ball, location: 2F
0-2: Ground out 4-3 (Groundball, 4, EV 110.0 MPH)
Batting: RHB Fletcher Easter 0-0: Swinging Strike
0-1: Ball
1-1: Called Strike
1-2: Foul Ball, location: 2F
1-2: Strikes out swinging
Bottom of the 7th over - 0 runs, 0 hits, 0 errors, 0 left on base; Round Rock 0 - Charlotte 4
TOP OF THE 8TH
Round Rock Express batting - Pitching for Charlotte Knights : RHP Luis Castillo
Now at 1B: Ron Johansen
Batting: RHB Jeremy Boerman 0-0: Called Strike
0-1: Ball
1-1: Swinging Strike
1-2: Foul Ball, location: 2F
1-2: Foul Ball, location: 2F
1-2: Ball
2-2: Ground out 3-1 (Groundball, 34, EV 76.9 MPH)
Batting: RHB Luis Arce 0-0: Called Strike
0-1: Ball
1-1: Swinging Strike
1-2: Foul Ball, location: 2F
1-2: Strikes out swinging
Batting: LHB Jody Hudson 0-0: Called Strike
0-1: Ball
1-1: Foul Ball, location: 2F
1-2: Strikes out swinging
Top of the 8th over - 0 runs, 0 hits, 0 errors, 0 left on base; Round Rock 0 - Charlotte 4
BOTTOM OF THE 8TH
Charlotte Knights batting - Pitching for Round Rock Express : RHP Jason Williams
Batting: LHB Ricardo Pagan 0-0: Foul Ball, location: 2F
0-1: Ground out 6-3 (Groundball, 6M, EV 110.6 MPH)
Batting: LHB Adam Tarbutton 0-0: Ball
1-0: Ball
2-0: Swinging Strike
2-1: Foul Ball, location: 2F
2-2: Strikes out swinging
Batting: RHB Micah Brown 0-0: Swinging Strike
0-1: Fly out, F6 (Popup, 6MS, EV 71.2 MPH)
Bottom of the 8th over - 0 runs, 0 hits, 0 errors, 0 left on base; Round Rock 0 - Charlotte 4
TOP OF THE 9TH
Round Rock Express batting - Pitching for Charlotte Knights : RHP Luis Castillo
Pitching: LHP Steven Wolf
Batting: RHB Carlos Lopez 0-0: Ball
1-0: Foul Ball, location: 2F
1-1: Ball
2-1: Ground out 6-3 (Groundball, 6, EV 85.6 MPH)
Batting: LHB Josh Stuck 0-0: Called Strike
0-1: Called Strike
0-2: Ball
1-2: Foul Ball, location: 2F
1-2: Ball
2-2: Ground out 6-3 (Groundball, 56, EV 101.2 MPH)
Batting: RHB Trevor Mock 0-0: Called Strike
0-1: Swinging Strike
0-2: Strikes out looking
Top of the 9th over - 0 runs, 0 hits, 0 errors, 0 left on base; Round Rock 0 - Charlotte 4
Tuesday, March 28th , 2023 - OOTP Baseball 23.10 Build 110